 Dungeon Crawl Stone Soup version 0.31-a0-221-gbddc013574 (webtiles) character file.

Game seed: 4816282367907096216

107 Iich the Trooper (level 4, -2/37 HPs)
             Began as a Demonspawn Fighter on July 4, 2023.
             Shot with an arrow by a centaur (9 damage)
             ... on level 3 of the Dungeon.
             The game lasted 00:02:58 (1269 turns).

Iich the Trooper (Demonspawn Fighter)               Turns: 1269, Time: 00:03:00

Health: -2/37      AC:  7    Str: 18    XL:     4   Next: 56%
Magic:  4/4        EV:  9    Int:  9    God:
Gold:   77         SH:  5    Dex: 19    Spells: 3/3 levels left

rFire   . . .        a - +0 war axe
rCold   . . .        c - +0 buckler
rNeg    . . .        b - +0 scale mail
rPois   .            (no helmet)
rElec   .            (no cloak)
rCorr   .            k - +0 pair of gloves
SInv    .            (no boots)
Will    .....        (no amulet) Stlth
                     j - +6 ring of dexterity
HPRegen 0.26/turn    (no ring)
MPRegen 0.09/turn

%: no passive effects
@: mighty
A: powered by death 1
a: no special abilities


You were on level 3 of the Dungeon.
You visited 1 branch of the dungeon, and saw 4 of its levels.

You collected 77 gold pieces.

Inventory:

Hand Weapons
 a - a +0 war axe (weapon)
Missiles
 g - a throwing net
Armour
 b - a +0 scale mail (worn)
 c - a +0 buckler (worn)
 e - a +0 plate armour
 k - a +0 pair of gloves (worn)
Jewellery
 j - a +6 ring of dexterity (left hand)
Potions
 f - a potion of mutation
 n - a potion of resistance


   Skills:
 + Level 3.9 Fighting
 * Level 3.7 Axes
 - Level 2.6 Armour
 - Level 2.6 Shields


You had 3 spell levels left.
You didn't know any spells.
Your spell library was empty.

Dungeon Overview and Level Annotations

Branches:
Dungeon (4/15)
 Temple: D:4-7

Altars:


Innate Abilities, Weirdness & Mutations

You regenerate a little health from kills.


Message History

No target in view!
No target in view!
No target in view!
No target in view!
You see here a hobgoblin corpse.
You see here an adder corpse.
You see here a bat corpse.
A black bear comes into view.
A centaur comes into view.
The centaur shouts!
The centaur wields a +0 orcbow.
The centaur shoots an arrow.
The arrow hits you!
You take 9 damage, and have 28/37 hp. !!!!--MASSIVE DAMAGE--!!!!
You feel very mighty all of a sudden.
The centaur shoots an arrow.
You block the arrow.
Okay, then.
Okay, then.
As you read the scroll of identify, it crumbles to dust.
h - a potion of resistance;
n - a potion of resistance The centaur shoots an arrow.
The arrow hits you.
The centaur shoots an arrow.
The arrow hits you.
You take 5 damage, and have 23/37 hp.
You slash the black bear!
The black bear is heavily wounded.
The centaur shoots an arrow.
The arrow hits you. The black bear bites you.
* * * LOW HITPOINT WARNING * * *
The black bear claws you.
* * * LOW HITPOINT WARNING * * *
The black bear claws you.
* * * LOW HITPOINT WARNING * * *
The centaur shoots an arrow.
You block the arrow.
You take 10 damage, and have 13/37 hp. !!!!--MASSIVE DAMAGE--!!!!
You slash the black bear!
The black bear is almost dead.
The black bear barely misses you. The black bear claws you.
* * * LOW HITPOINT WARNING * * *
The black bear claws you.
* * * LOW HITPOINT WARNING * * *
The centaur shoots an arrow.
The arrow hits you!
You die...

# ###. ####### ...#
#..........# #..##
#..........#
.c.##.......(..#
#..#...(......#
#@...........#
#######h..........#
#..................#
#..................#
#..........###.††###
#...........##†..#
#.........#.##...#
#.........#...####
#.........###..## .


You could see a black bear and a centaur.

Vanquished Creatures
  An iguana (D:4)
  4 adders
  A dart slug (D:1)
  2 endoplasms
  A giant cockroach (D:4)
  4 goblins
  A hobgoblin (D:3)
  4 jackals (D:2)
  A quokka (D:1)
  5 ball pythons
  7 bats
  4 frilled lizards
  6 kobolds
  4 rats (D:1)
45 creatures vanquished.

Notes
Turn   | Place    | Note
-------+----------+-------------------------------------------
     0 | D:1      | Iich the Demonspawn Fighter began the quest for the Orb.
     0 | D:1      | Reached XP level 1. HP: 18/18 MP: 1/1
   234 | D:1      | Gained mutation: You regenerate a little health from kills.
                  | [demonic ancestry]
   234 | D:1      | Reached XP level 2. HP: 24/24 MP: 2/2
  1010 | D:2      | Reached XP level 3. HP: 29/29 MP: 3/3
  1135 | D:2      | You fall into a shaft and drop 2 floors!
  1191 | D:4      | Reached XP level 4. HP: 29/37 MP: 4/4
  1252 | D:3      | Noticed a black bear
  1264 | D:3      | Noticed a centaur
  1269 | D:3      | Shot with an arrow by a centaur

Illustrated notes

Levels and vault maps discovered:
D:1:      amcnicky_arrival_gap_in_the_tavern_cellar, layout_basic,
          kennysheep_crisscross, nicolae_houndstooth_variations
D:2:      layout_loops_cross
D:3:      layout_basic, pf_just_have_faith, overflow_temple_1_default,
          hellmonk_ecumenical_altar_leap_of_faith, uniq_jessica
D:4:      layout_loops_corners, cheibriados_altar_1, cheibrodos_gnoll_hut,
          uniq_pikel, uniq_crazy_yiuf_cottage

Skill      XL: |  1  2  3 |
---------------+----------+-----
Axes           | 2 3 |  3.7
Fighting       | |  3.9
Armour         | |  2.6
Shields        | |  2.6

Action                     |  1- 3 |  4- 6 || total
---------------------------+-------+-------++-------
  Melee: War axe           |    96 |    10 ||   106
    Use: Potion            |     2 |     1 ||     3
         Scroll            |       |     2 ||     2
 Armour: Scale mail        |    42 |     3 ||    45
  Dodge: Dodged            |    38 |     3 ||    41
  Block: Buckler           |    29 |     4 ||    33

Table legend: (Time is in decaauts)
 A = Elapsed time spent in this place.
 B = Non-inter-level travel time spent in this place.
 C = Inter-level travel time spent in this place.
 D = Time resting spent in this place.
 E = Time spent auto-exploring this place.
 F = Levels seen in this place.
 G = Mean time per level.
                   A        B        C        D        E       F      G
               +--------+--------+--------+--------+--------+-----+--------+
         Total |   1310 |   1247 |     63 |      0 |    934 |   4 |  327.5 |
       Dungeon |   1310 |   1247 |     63 |      0 |    934 |   4 |  327.5 |
               +--------+--------+--------+--------+--------+-----+--------+

Top non-repeatable levels by time:
     D:1: 837 daAuts
     D:2: 333 daAuts
     D:3: 73 daAuts
     D:4: 66 daAuts
